 Dungeon Crawl Stone Soup version 0.24-a0-361-g57161393b2 (webtiles) character file.

Game seed: 13591750137309752440

163 Borgoz the Cudgeler (level 5, 0/33 HPs)
             Began as a Gargoyle Monk on May 26, 2019.
             Slain by a gnoll
             ... wielding a +0 club
              (1 damage)
             ... on level 2 of the Dungeon.
             The game lasted 00:03:14 (2395 turns).

Borgoz the Cudgeler (Gargoyle Monk)                 Turns: 2395, Time: 00:03:15

Health: 0/33       AC: 11    Str: 15    XL:     5   Next: 44%
Magic:  5/5        EV: 11    Int: 11    God:
Gold:   88         SH:  0    Dex: 15    Spells: 4/4 levels left

rFire    . . .     SeeInvis .   a - +0 mace
rCold    . . .     Gourm    .   (no shield)
rNeg     + . .     Faith    .   k - +0 scale mail
rPois    ∞         Spirit   .   (no helmet)
rElec    +         Reflect  .   (no cloak)
rCorr    .         Harm     .   m - +0 pair of gloves
MR       .....                  (no boots)
Stlth    +.........             (no amulet)
HPRegen  0.11/turn              f - +3 ring of dexterity
MPRegen  0.09/turn              (no ring)

@: no status effects
A: negative energy resistance 1, electricity resistance, unbreathing,
petrification resistance, rot immunity, AC +4
a: no special abilities


You were on level 2 of the Dungeon.
You were hungry.

You visited 1 branch of the dungeon, and saw 3 of its levels.

You collected 88 gold pieces.

Inventory:

Hand Weapons
 a - a +0 mace (weapon)
Armour
 k - a +0 scale mail (worn)
 m - a +0 pair of gloves (worn)
Jewellery
 f - a +3 ring of dexterity (left hand)
 p - an uncursed ring of ice {unknown}
Scrolls
 b - 3 scrolls of identify {unknown}
 d - a scroll of remove curse {unknown}
 e - a scroll of magic mapping {unknown}
 g - a scroll of random uselessness {unknown}
 h - a scroll of enchant weapon {unknown}
 n - a scroll of teleportation {unknown}
 o - a scroll of enchant armour {unknown}
Comestibles
 c - 2 rations


   Skills:
 + Level 4.0 Fighting
 * Level 4.1 Maces & Flails
 + Level 2.0 Armour
 * Level 3.3 Dodging
 - Level 2.1 Stealth


You had 4 spell levels left.
You didn't know any spells.
Your spell library was empty.

Dungeon Overview and Level Annotations

Branches:
Dungeon (3/15)

Altars:


Innate Abilities, Weirdness & Mutations

You are resistant to torment.
Your stone body is resilient. (AC +4)
You are immune to poison.
You resist negative energy. (rN+)
You are resistant to electric shocks. (rElec)
You can survive without breathing.
You are immune to petrification.
You are immune to rotting.


Message History

You hit the gnoll.
The gnoll is severely wounded.
The gnoll hits you.
* * * LOW HITPOINT WARNING * * *
You hit the gnoll.
The gnoll is almost dead.
The gnoll hits you.
* * * LOW HITPOINT WARNING * * *
You closely miss the gnoll.
The gnoll is almost dead.
The gnoll barely misses you.
You hit the gnoll.
You kill the gnoll!
You closely miss the gnoll.
The gnoll is heavily wounded.
The gnoll hits you but does no damage.
You barely miss the gnoll.
The gnoll is heavily wounded.
The gnoll hits you with a +0 club.
You die...

####.## #.# #.#
#... # #.# #.#
######.# ###.
#.#######.#
#.....(#####.
#<........#
#....>....)..
#########.#
#..########## #.#
#.g# #.# #..#
#.########..#
########
#....@g.†...#
.......##
#.########.##
....#...####.# #.#
......#......# #.#
....#...###### #.#
....##.## #.#
..####.# #.# ###
#.##############.#
#................#


You could see a gnoll.

Vanquished Creatures
  2 orc wizards (D:2)
  2 gnolls
  4 adders (D:2)
  A worm (D:2)
  A dart slug (D:2)
  3 leopard geckos
  An orc (D:2)
  3 bats
  6 giant cockroaches
  5 hobgoblins
  3 frilled lizards
  10 goblins
  3 kobolds
  5 rats
49 creatures vanquished.

Notes
Turn   | Place    | Note
-------+----------+-------------------------------------------
     0 | D:1      | Borgoz the Gargoyle Monk began the quest for the Orb.
     0 | D:1      | Reached XP level 1. HP: 14/14 MP: 1/1
   394 | D:1      | Reached XP level 2. HP: 17/19 MP: 2/2
  1099 | D:2      | Reached XP level 3. HP: 22/23 MP: 3/3
  1123 | D:2      | Reached skill level 1 in Armour
  1468 | D:2      | Reached XP level 4. HP: 22/29 MP: 4/4
  1969 | D:2      | Reached XP level 5. HP: 5/33 MP: 5/5
  2389 | D:2      | HP: 1/33 [gnoll (6)]
  2395 | D:2      | Slain by a gnoll

Levels and vault maps discovered:
D:1:      minmay_arrival_semitransparent, layout_basic, st_stairs_5
D:2:      layout_loops_ring, chequers_avenue
D:3:      layout_loops_ring, gammafunk_temple_overflow_statue,
          trog_eyes_of_draining, first_ration, nicolae_ru_sacrificial_ziggurat

Skill      XL: |  1  2  3  4  5 |
---------------+----------------+-----
Armour         | 1 2 |  2.0
Dodging        | 3 |  3.3
Maces & Flails | 4 |  4.1
Fighting       | 4 |  4.0
Stealth        | |  2.1

Action                   |  1- 3 |  4- 6 || total
-------------------------+-------+-------++-------
Melee: Mace              |   116 |    60 ||   176
  Use: Potion            |       |     3 ||     3
 Stab: Sleeping          |     4 |       ||     4
  Eat: Chunk             |     2 |     2 ||     4
Armor: Robe              |    27 |       ||    27
       Scale mail        |     6 |    43 ||    49
Dodge: Dodged            |    77 |    42 ||   119

Table legend:
 A = Non-vault XP
 B = Vault XP
 C = Vault XP percentage of total XP
 D = Non-vault monster count
 E = Vault monster count
 F = Vault count percentage of total count
                 A         B        C        D         E       F
            +---------+---------+-------+---------+---------+-------
      Total |     228 |       5 |   2.1 |      47 |       2 |   4.1
            +---------+---------+-------+---------+---------+-------
        D:1 |      25 |       5 |  16.7 |      17 |       2 |  10.5
        D:2 |     189 |       0 |   0.0 |      29 |       0 |   0.0
        D:3 |      14 |       0 |   0.0 |       1 |       0 |   0.0
            +---------+---------+-------+---------+---------+-------
